Map: Odyssey LE

Players

OmaMorkie

  • Race: Zerg Zerg
  • League: Diamond
  • Spawn Location: 5:00

A.I. 1 (Harder) - Winner!

  • Race: Protoss Protoss
  • Spawn Location: 11:00

VOD

Have the link to the VOD?

Description

Time

  • Played on: Dec. 18, 2017, 5:21 a.m.
  • Length: 3:59
Show
View Real Time Build Order
Export as new Build Order

OmaMorkie Zerg 

Build Orders: Hatch First 

Get SALT Encoding   

  12  0:01  Drone  
  13  0:08  Drone  
  14  0:17  Overlord  
  14  0:25  Extractor  
  14  0:26  Drone  
  14  0:35  Drone  
  14  0:36  Drone  
  16  0:44  Drone  
  17  1:03  Hatchery  
  16  1:19  Spawning Pool  
  16  1:23  Drone  
  16  1:28  Drone  
  16  1:32  Drone  
  18  1:36  Drone  
  19  1:45  Burrow  
  19  2:07  Zergling x6  
  22  2:15  Zergling x2  
  23  2:18  Evolution Chamber  
  22  2:22  Queen, Baneling Nest  
  22  2:27  Overlord  
  23  2:37  Drone x2  
  25  2:38  Drone  
  26  2:54  Drone  
  26  2:55  Drone  
  28  3:07  Baneling x4  
  28  3:13  Baneling x2  
  28  3:14  Baneling x2  
  28  3:24  Drone x3, Extractor  
  28  3:25  Drone, Roach Warren  
  30  3:28  Drone  
Show
View Real Time Build Order
Export as new Build Order

A.I. 1 (Harder) Protoss - Winner!

Build Orders: 1 Gate Expand 

Get SALT Encoding   

  12  0:00  Probe  
  13  0:13  Probe  
  14  0:19  Pylon  
  14  0:25  Probe  
  15  0:37  Probe  
  15  0:40  Gateway  
  16  0:49  Probe  
  17  1:12  Nexus  
  17  1:13  Probe  
  18  1:27  Zealot  
  18  1:30  Pylon  
  20  1:32  Assimilator  
  20  1:44  Probe  
  20  1:45  Cybernetics Core  
  21  1:57  Probe  
  22  2:07  Gateway  
  22  2:09  Probe  
  23  2:16  Assimilator  
  23  2:23  Pylon  
  23  2:24  Stalker, Probe  
  26  2:38  Probe  
  27  2:54  Adept  
  27  2:58  Assimilator  
  29  3:03  Stalker  
  31  3:14  Probe  
  31  3:17  Probe  
  33  3:21  Stargate  
  33  3:33  Assimilator  
  33  3:35  Probe  
  33  3:39  Probe  
Tags
 
Add a new tag
Caveats
  • Supply blocks, unpowered buildings, or Contaminate may cause inaccurate times.
  • Supply counts are checked every 10 seconds.